 Dungeon Crawl Stone Soup version 0.20.0-4-g10b340a (webtiles) character file.

247 Chiseanne the Ducker (level 5, -6/30 HPs)
             Began as a Deep Elf Arcane Marksman on May 28, 2017.
             Mangled by an iguana (10 damage)
             ... on level 5 of the Dungeon.
             The game lasted 00:08:56 (4965 turns).

Chiseanne the Ducker (Deep Elf Arcane Marksman)     Turns: 4965, Time: 00:08:56

Health: -6/30      AC:  3    Str:  8    XL:     5   Next: 85%
Magic:  9/9        EV: 13    Int: 18    God:
Gold:   150        SH:  0    Dex: 15    Spells: 4/7 levels left

rFire    . . .     SeeInvis .   w - +0 hunting sling
rCold    . . .     Gourm    .   (no shield)
rNeg     . . .     Faith    .   j - +0 leather armour
rPois    .         Spirit   .   (no helmet)
rElec    .         Reflect  .   (no cloak)
rCorr    +         Harm     .   (no gloves)
MR       .....                  (no boots)
Stlth    +.........             (no amulet)
Regen    0.1/turn               i - ring of resist corrosion
MPRegen  0.2/turn               (no ring)

@: no status effects
A: no striking features
a: no special abilities


You were on level 5 of the Dungeon.
You were not hungry.

You visited 1 branch of the dungeon, and saw 5 of its levels.

You collected 150 gold pieces.

Inventory:

Hand Weapons
 a - a +0 whip of electrocution
 w - a +0 hunting sling (weapon)
Missiles
 d - 6 sling bullets (quivered)
 g - 24 arrows
 h - 73 stones
Armour
 e - a +0 shield
 j - a +0 leather armour (worn)
Jewellery
 b - a cursed -2 ring of slaying {unknown}
 i - a ring of resist corrosion (left hand)
 o - an uncursed ring of flight {unknown}
Wands
 n - a wand of lightning (11/15)
Scrolls
 k - a scroll of magic mapping
Books
 c - a book of Debilitation

   Spells                             Type                      Level
   a - Corona                         Hexes                        1
   b - Slow                           Hexes                        2
   c - Inner Flame                    Hexes/Fire                   3
   d - Portal Projectile              Hexes/Translocation          3
   e - Cause Fear                     Hexes                        4
   f - Leda's Liquefaction            Hexes/Earth                  4
Comestibles
 f - 3 bread rations
 l - 2 fruits
 m - a chunk of flesh
 q - a royal jelly


   Skills:
 * Level 2.2 Fighting
 - Level 1.5(2.2) Slings
 * Level 2.8(3.2) Throwing
 * Level 2.1 Armour
 * Level 4.2 Dodging
 - Level 1.5 Spellcasting
 - Level 4.0 Hexes


You had 4 spell levels left.
You knew the following spells:

 Your Spells              Type           Power        Failure   Level  Hunger
a - Corona                Hex            ###....      4%          1    ##.....
b - Slow                  Hex            ###.....     8%          2    ###....


Dungeon Overview and Level Annotations

Branches:
Dungeon (5/15)
 Temple: D:4-7

Altars:
Nemelex Xobeh
Yredelemnul

Annotations:
D:4 Blork the orc


Message History

The orc wizard shouts!
The orc wizard hits you with a dagger.
A jackal comes into view.
The jackal barks! x2
The orc wizard casts a cantrip, but nothing happens.
There is a stone staircase leading down here.
The orc warrior hits you with a long sword!
You climb downwards.
An iguana and a centaur come into view.
Found a scroll labeled NOZOWK HOHEX and a potion of flight.
There is a stone staircase leading up here.
Okay, then.
The iguana hisses angrily.
The centaur wields a shortbow.
The centaur shoots an arrow.
The arrow hits you!
* * * LOW HITPOINT WARNING * * *
You see here an arrow.
The centaur unwields an uncursed shortbow.
The centaur closely misses you. The centaur closely misses you.
The iguana bites you!
You die...

#####. #.....
##.!.# ##.⌠..#
##.....##
#.⌠...⌠.#
######c......#
#.....@.o<...#
#.####.l.....#
#.⌠...⌠.#
##.....##
##.⌠.## ..?...
#######


You could see an orc warrior, a centaur and an iguana.

Vanquished Creatures
  A centaur (D:3)
  A hound (D:4)
  4 adders (D:3)
  An ooze (D:1)
  2 worms
  3 dart slugs
  6 orcs (D:3)
  2 giant cockroaches
  12 goblins
  7 hobgoblins
  6 jackals
  A quokka (D:4)
  14 bats
  3 frilled lizards
  6 kobolds
  7 rats
  A spectral orc (D:3)
77 creatures vanquished.

Notes
Turn   | Place    | Note
-------+----------+-------------------------------------------
     0 | D:1      | Chiseanne the Deep Elf Arcane Marksman began the quest for the Orb.
     0 | D:1      | Reached XP level 1. HP: 11/11 MP: 5/5
    69 | D:1      | Reached skill level 1 in Fighting
   175 | D:1      | Reached XP level 2. HP: 16/16 MP: 6/6
   372 | D:1      | Reached skill level 1 in Throwing
  1164 | D:1      | Reached XP level 3. HP: 21/21 MP: 7/7
  1582 | D:2      | Found a faded altar of an unknown god.
  1891 | D:2      | Found a sparkling altar of Nemelex Xobeh.
  2830 | D:3      | Reached XP level 4. HP: 22/26 MP: 8/8
  2981 | D:3      | Reached skill level 1 in Armour
  3578 | D:3      | Found a basalt altar of Yredelemnul.
  4388 | D:3      | Noticed a centaur
  4427 | D:3      | Killed a centaur
  4427 | D:3      | Reached XP level 5. HP: 16/30 MP: 9/9
  4851 | D:4      | Noticed Blork the orc
  4865 | D:4      | Learned a level 2 spell: Slow
  4956 | D:4      | Noticed an orc warrior
  4962 | D:5      | Entered Level 5 of the Dungeon
  4962 | D:5      | Noticed a centaur
  4965 | D:5      | Mangled by an iguana

Skill      XL: |  1  2  3  4 |
---------------+-------------+-----
Fighting       | 1 2 |  2.2
Throwing       | 1 2 |  2.8
Dodging        | 3 4 |  4.2
Armour         | 2 |  2.1
Slings         | |  1.5
Spellcasting   | |  1.5
Hexes          | |  4.0

Action                   |  1- 3 |  4- 6 || total
-------------------------+-------+-------++-------
Melee: Whip              |    22 |    24 ||    46
 Fire: Hunting sling     |   141 |   142 ||   283
  Use: Scroll            |     4 |     2 ||     6
       Potion            |     4 |     3 ||     7
  Eat: Chunk             |     5 |     7 ||    12
Armor: Robe              |     6 |       ||     6
       Skin              |    10 |       ||    10
       Leather armour    |     8 |    28 ||    36
Dodge: Dodged            |    45 |    79 ||   124
